General information
- name: BNet
- type: Ladder team game (AT/RT)
- host: Battle.net
- saver: RainbowFunboy
map: Goldshire
- players: 4
- length: 18:36
- speed: Fast
- version: 1.25 W3XP
- replay type: Public
» download(114 KB)
Players
team 1 (winner)
RainbowFunboy (
teal | 87 APM | 1616 actions | 18:36)
3 Death Knight
2 Death Coil
1 Unholy Aura
3 Lich
2 Frost Nova
1 Frost Armor
2 Crypt Lord
1 Impale
1 Spiked Carapace
» actions
| Assign group hotkey | 11 | |
| Basic commands | 45 | |
| Build / train | 57 | |
| Enter build submenu | 14 | |
| Enter hero's abilities submenu | 8 | |
| Remove unit from queue | 5 | |
| Right click | 831 | |
| Select / deselect | 379 | |
| Select group hotkey | 147 | |
| Use ability | 119 | |
1616 total
» units
| Acolyte | 6 | |
| Ghoul | 5 | |
| Obsidian Statue | 5 | |
| Crypt Fiend | 3 | |
| Abomination | 4 | |
23 total
» upgrades
| Destroyer Form | 1 | |
| Ghoul Frenzy | 1 | |
| Creature Attack | 2 | |
| Disease Cloud | 1 | |
| Web | 1 | |
| Burrow | 1 | |
7 total
» buildings
| Altar of Darkness | 1 | |
| Ziggurat | 6 | |
| Crypt | 1 | |
| Tomb of Relics | 2 | |
| Nerubian Tower | 1 | |
| Halls of the Dead | 1 | |
| Graveyard | 1 | |
| Black Citadel | 2 | |
| Slaughterhouse | 2 | |
17 total
» build order
00:06 Altar of Darkness
00:08 Ziggurat
00:33 Crypt
00:57 Tomb of Relics
00:58 Tomb of Relics
01:16 Ziggurat
02:10 Nerubian Tower
03:20 Halls of the Dead
03:55 Graveyard
05:40 Black Citadel
05:41 Black Citadel
05:44 Slaughterhouse
05:45 Slaughterhouse
07:14 Ziggurat
10:14 Ziggurat
12:59 Ziggurat
17:04 Ziggurat
» items
| Rod of Necromancy | 2 | |
| Orb of Corruption | 1 | |
| Dust of Appearance | 1 | |
| Potion of Healing | 1 | |
| Potion of Lesser Invulnerability | 1 | |
| Scroll of Healing | 1 | |
7 total

»
gods.BlacK.LioN (
purple | 72 APM | 1342 actions | 18:36)
4 Demon Hunter
2 Mana Burn
2 Evasion
3 Keeper of the Grove
2 Entangling Roots
1 Thorns Aura
» actions
| Assign group hotkey | 41 | |
| Basic commands | 36 | |
| Build / train | 71 | |
| ESC pressed | 3 | |
| Enter build submenu | 22 | |
| Enter hero's abilities submenu | 7 | |
| Remove unit from queue | 1 | |
| Right click | 464 | |
| Select / deselect | 358 | |
| Select group hotkey | 227 | |
| Use ability | 112 | |
1342 total
» units
| Wisp | 30 | |
| Archer | 4 | |
| Dryad | 9 | |
| Faerie Dragon | 2 | |
| Mountain Giant | 3 | |
48 total
» upgrades
| Ultravision | 1 | |
| Abolish Magic | 1 | |
| Strength of the Moon | 1 | |
| Strength of the Wild | 2 | |
| Reinforced Hides | 1 | |
| Nature's Blessing | 1 | |
| Well Spring | 1 | |
| Resistant Skin | 1 | |
| Hardened Skin | 1 | |
10 total
» buildings
| Altar of Elders | 1 | |
| Ancient of War | 1 | |
| Moon Well | 8 | |
| Hunter's Hall | 1 | |
| Tree of Ages | 1 | |
| Ancient of Lore | 4 | |
| Ancient Protector | 2 | |
| Ancient of Wind | 1 | |
| Tree of Eternity | 1 | |
| Ancient of Wonders | 1 | |
| Tree of Life | 1 | |
22 total
» build order
00:11 Altar of Elders
00:14 Ancient of War
00:23 Moon Well
01:34 Moon Well
02:58 Hunter's Hall
04:15 Tree of Ages
04:19 Moon Well
04:24 Moon Well
06:45 Ancient of Lore
07:33 Ancient of Lore
08:53 Ancient of Lore
08:56 Ancient of Lore
09:31 Moon Well
09:34 Moon Well
10:16 Moon Well
10:25 Ancient Protector
10:45 Ancient Protector
11:25 Ancient of Wind
11:46 Moon Well
13:02 Tree of Eternity
13:05 Ancient of Wonders
16:42 Tree of Life
» items
team 2 (loser)
TinyWings (
blue | 95 APM | 1767 actions | 18:35)
4 Archmage
2 Summon Water Elemental
2 Brilliance Aura
3 Mountain King
2 Storm Bolt
1 Bash
2 Paladin
1 Holy Light
1 Divine Shield
» actions
| Assign group hotkey | 54 | |
| Basic commands | 6 | |
| Build / train | 56 | |
| ESC pressed | 2 | |
| Enter build submenu | 19 | |
| Enter hero's abilities submenu | 10 | |
| Give item / drop item | 4 | |
| Right click | 810 | |
| Select / deselect | 328 | |
| Select group hotkey | 407 | |
| Use ability | 71 | |
1767 total
» units
| Peasant | 8 | |
| Footman | 5 | |
| Knight | 5 | |
| Flying Machine | 10 | |
| Gryphon Rider | 2 | |
30 total
» upgrades
| Defend | 1 | |
| Flak Cannons | 1 | |
| Animal War Training | 1 | |
| Storm Hammers | 1 | |
4 total
» buildings
| Altar of Kings | 1 | |
| Farm | 9 | |
| Barracks | 1 | |
| Scout Tower | 1 | |
| Arcane Tower | 1 | |
| Keep | 1 | |
| Lumber Mill | 1 | |
| Arcane Vault | 1 | |
| Castle | 1 | |
| Blacksmith | 1 | |
| Workshop | 2 | |
| Gryphon Aviary | 2 | |
22 total
» build order
00:07 Altar of Kings
00:12 Farm
00:56 Barracks
01:08 Farm
02:05 Scout Tower
02:37 Arcane Tower
03:21 Keep
03:29 Farm
04:15 Lumber Mill
04:20 Arcane Vault
05:58 Castle
06:54 Blacksmith
07:12 Farm
08:23 Workshop
08:24 Workshop
08:30 Farm
08:32 Farm
11:58 Farm
12:02 Farm
15:18 Gryphon Aviary
16:40 Gryphon Aviary
17:05 Farm
» items
| Scroll of Regeneration | 1 | |
| Scroll of Town Portal | 3 | |
| Staff of Sanctuary | 2 | |
6 total
Ice_On_Me (
red | 151 APM | 2790 actions | 18:31)
3 Blademaster
2 Wind Walk
1 Critical Strike
2 Firelord
1 Summon Lava Spawn
1 Soul Burn
» actions
| Assign group hotkey | 63 | |
| Basic commands | 173 | |
| Build / train | 79 | |
| ESC pressed | 1 | |
| Enter build submenu | 10 | |
| Enter hero's abilities submenu | 6 | |
| Give item / drop item | 4 | |
| Right click | 1072 | |
| Select / deselect | 335 | |
| Select group hotkey | 867 | |
| Use ability | 180 | |
2790 total
» units
| Peon | 8 | |
| Grunt | 7 | |
| Raider | 4 | |
| Spirit Walker | 3 | |
| Kodo Beast | 1 | |
23 total
» upgrades
| Ensnare | 1 | |
| Berserker Strength | 1 | |
| Pillage | 1 | |
| Spirit Walker Training | 1 | |
4 total
» buildings
| Altar of Storms | 1 | |
| Orc Burrow | 4 | |
| Voodoo Lounge | 1 | |
| Barracks | 1 | |
| Stronghold | 3 | |
| Beastiary | 1 | |
| Spirit Lodge | 1 | |
| War Mill | 1 | |
| Fortress | 1 | |
14 total
» build order
00:06 Altar of Storms
00:21 Orc Burrow
01:03 Voodoo Lounge
01:06 Barracks
01:41 Orc Burrow
03:00 Stronghold
03:00 Stronghold
03:00 Stronghold
03:57 Orc Burrow
06:17 Beastiary
07:20 Spirit Lodge
08:06 Orc Burrow
11:19 War Mill
14:10 Fortress
» items
| Healing Salve | 5 | |
| Lesser Clarity Potion | 8 | |
| Scroll of Speed | 2 | |
| Circlet of Nobility | 1 | |
| Boots of Speed | 1 | |
| Staff of Teleportation | 1 | |
| Potion of Lesser Invulnerability | 3 | |
| Scroll of Town Portal | 2 | |
| Scroll of Healing | 1 | |
| Scroll of Protection | 1 | |
| Potion of Healing | 2 | |
| Scroll of Regeneration | 2 | |
| Orb of Fire | 1 | |
30 total
Chat log
(00:12 / All) RainbowFunboy: gl hf
(00:16 / All) TinyWings: u2
(00:22 / Allies) RainbowFunboy: 100gold?
(00:27 / Allies) RainbowFunboy: oh nm
(00:27 / Allies) gods.BlacK.LioN: nop
(00:40 / Allies) RainbowFunboy: u scout?
(00:49 / Allies) gods.BlacK.LioN: hum orc...
(00:54 / Allies) RainbowFunboy: need to know positions o.0
(00:56 / All) Ice_On_Me: new patch ^^
(01:01 / Allies) RainbowFunboy: i will
(01:06 / All) RainbowFunboy: indeed
(01:23 / All) Ice_On_Me: orc nerfed :C
(01:28 / All) RainbowFunboy: mm
(01:31 / All) RainbowFunboy: bout time
(01:38 / All) Ice_On_Me: :X
(02:22 / Allies) RainbowFunboy: maybe
(02:25 / Allies) RainbowFunboy: he not doing green
(04:13 / Allies) RainbowFunboy: what are u doing?
(05:34 / All) RainbowFunboy: hmm ally is the worst player ive ever sesn
(05:36 / All) RainbowFunboy: hes basically afk
(05:56 / All) RainbowFunboy: share
(06:51 / Allies) RainbowFunboy: get the lava spawn
(07:33 / All) Ice_On_Me: ^^
(07:37 / All) RainbowFunboy: -_-
(08:09 / All) Ice_On_Me: gg
(08:29 / All) RainbowFunboy: wish he woudl share
(09:58 / All) Ice_On_Me: die man :D
(10:31 / Allies) RainbowFunboy: plz share
(10:51 / Allies) RainbowFunboy: wood plz
(12:07 / Allies) gods.BlacK.LioN: y
(12:15 / Allies) RainbowFunboy: lets go
(12:18 / Allies) RainbowFunboy: before mass bats
(14:06 / All) TinyWings: omg
(14:17 / Allies) RainbowFunboy: just mass ground then
(14:21 / Allies) RainbowFunboy: if mass gyro
(14:58 / All) TinyWings: my ally isnt better
(15:03 / All) Ice_On_Me: :D
(15:26 / All) Ice_On_Me: make me better :D
(16:01 / All) Ice_On_Me: ok ur a noob :D
(16:08 / All) RainbowFunboy: Who?
(16:48 / All) RainbowFunboy: ~SHARE
(16:55 / All) RainbowFunboy: Coudlve entangled..
(17:07 / All) Ice_On_Me: stfu
(17:09 / Allies) gods.BlacK.LioN: sefc
(17:42 / Allies) RainbowFunboy: got any wood?
(17:48 / Allies) RainbowFunboy: ty
(18:33 / All) TinyWings: aallyy :): )